 Dungeon Crawl Stone Soup version 0.30-b1-2-g02819fbbbe (webtiles) character file.

Game seed: 4846779942836298904

3126 sanka the Thaumaturge (level 10, -15/76 HPs)
             Began as a Djinni Brigand on May 7, 2023.
             Was an Initiate of Makhleb.
             Shot with a bolt by an orc warrior (23 damage)
             ... on level 7 of the Dungeon.
             The game lasted 00:15:23 (8670 turns).

sanka the Thaumaturge (Djinni Brigand)              Turns: 8670, Time: 00:15:23

Health: -15/76     AC:  4    Str: 10    XL:     10   Next: 14%
Gold:   340        EV: 18    Int: 19    God:    Makhleb [......] SH:  0 Dex: 15

rFire   + + .        A - +1 rapier of Kaasemod {drain, *Noise rC+ Int+2 Stlth+}
rCold   . . .        (no shield)
rNeg    . . .        D - +0 robe {Will+}
rPois   ∞            (no helmet)
rElec   .            c - +1 cloak
rCorr   .            (no gloves)
SInv    .            (boots unavailable)
Will    ++...        (no amulet)
Stlth   +++          f - ring of wizardry
HPRegen 0.32/turn    B - +5 ring of evasion
MPRegen 0.00/turn

%: wizardry (x1), infuse magic (-16 HP)
@: flying
A: sickness immunity, fire resistance 2, cold vulnerability 1, float, innate
caster, HP casting, extra vitality 1
a: Renounce Religion


You were on level 7 of the Dungeon.
You worshipped Makhleb.
Makhleb was noncommittal.
You visited 2 branches of the dungeon, and saw 8 of its levels.

You collected 340 gold pieces.

Inventory:

Hand Weapons
 a - a +2 dagger
 l - a +0 dagger of venom
 s - a +0 war axe
 u - a +0 morningstar
 x - a +1 flail of draining
 A - the +1 rapier of Kaasemod (weapon) {drain, *Noise rC+ Int+2 Stlth+}
   (You found it on level 5 of the Dungeon)

   Int:       It affects your intelligence (+2).
   rC:        It protects you from cold.
   *Noise:    It may make noises in combat.
   Stlth:     It makes you more stealthy.
 H - a +3 flail of draining
 J - the +8 trident of the Octopus King {venom, rElec rPois}
   (You found it on level 6 of the Dungeon)

   rElec:     It insulates you from electricity.
   rPois:     It protects you from poison.
Missiles
 d - 27 poisoned darts
 e - 3 curare-tipped darts {=f}
Armour
 c - a +1 cloak (worn)
 D - a +0 robe of willpower (worn)
Jewellery
 b - a ring of ice
 f - a ring of wizardry (left hand)
 o - a ring of positive energy
 r - a ring of positive energy
 B - a +5 ring of evasion (right hand)
 M - a ring of ice
Wands
 z - a wand of acid (5)
 C - a wand of paralysis (9)
 N - a wand of mindburst (13)
Scrolls
 h - 2 scrolls of fear {unknown}
 i - 10 scrolls of identify {unknown}
 t - a scroll of teleportation {unknown}
 v - a scroll of immolation {unknown}
 y - 2 scrolls of enchant armour
 E - a scroll of butterflies {unknown}
 F - a scroll of magic mapping {unknown}
 G - a scroll of vulnerability {unknown}
 I - a scroll of enchant weapon {unknown}
 K - a scroll of silence {unknown}
Potions
 g - 2 potions of haste {unknown}
 j - 3 potions of curing {@q1}
 k - 4 potions of heal wounds {unknown}
 m - 4 potions of brilliance {unknown}
 n - 4 potions of flight {unknown}
 p - 2 potions of attraction {unknown}
 q - 3 potions of mutation {unknown}
 w - a potion of resistance {unknown}
 L - a potion of lignification {unknown}


   Skills:
 - Level 8.0 Fighting
 - Level 1.7 Short Blades
 - Level 1.5 Throwing
 + Level 4.2 Dodging
 - Level 3.2 Stealth
 - Level 8.0 Spellcasting


You knew the following spells:

 Your Spells              Type           Power      Damage    Failure   Level
a - Freeze                Ice            100%       1d10      1%          1
b - Scorch                Fire           76%        2d8       1%          2
c - Ignite Poison         Fire/Tmut/Pois 38%        N/A       1%          3
d - Portal Projectile     Hex/Tloc       76%        N/A       1%          3
Your spell library was empty.

Dungeon Overview and Level Annotations

Branches:
Dungeon (7/15)             Temple (1/1) D:7

Altars:
Ashenzari
Cheibriados
Dithmenos
Elyvilon
Fedhas
Hepliaklqana
Makhleb
Nemelex Xobeh
Okawaru
Qazlal
Ru
Trog
Uskayaw
Wu Jian
Xom
Yredelemnul
Zin


Innate Abilities, Weirdness & Mutations

You are immune to sickness and miasma.
You are immune to poison.
Your flesh is very heat resistant. (rF++)
You are vulnerable to cold. (rC-)
You float through the air rather than walking.
You learn spells naturally, not from books.
Your magical power is your life essence.
You have superior vitality. (+4 MHP)


Message History

The orc completely misses you.
You freeze the centaur.
The centaur is severely wounded.
The centaur barely misses you. x4; The orc hits you with a +0 club.
You freeze the centaur!
You kill the centaur!
Makhleb accepts your kill. The orc misses you.
Your Dodging skill increases to level 4!
You freeze the orc!
You kill the orc!
Makhleb accepts your kill.
You freeze the orc!
You kill the orc!
Makhleb accepts your kill.
The orc warrior shoots a bolt.
The bolt closely misses you.
You can't see any susceptible monsters within range! (Use Z to cast anyway.)
Casting: Freeze (safe; 1% risk of failure)
Confirm with . or Enter, or press ? or * to list all spells.
Aiming: Freeze (safe; 1% risk of failure)
Press: ? - help, Shift-Dir - straight line You freeze something.
The orc warrior shoots a bolt.
The bolt hits you!!
* * * LOW HITPOINT WARNING * * *
Casting: Freeze (safe; 1% risk of failure)
Confirm with . or Enter, or press ? or * to list all spells.
Aiming: Freeze (safe; 1% risk of failure)
Press: ? - help, Shift-Dir - straight line You freeze something.
* * * LOW HITPOINT WARNING * * *
Something closely misses you.
The orc warrior shoots a bolt.
The bolt hits you!
* * * LOW HITPOINT WARNING * * *
Unknown command.
You feel better. Something closely misses you.
The orc warrior shoots a bolt.
The bolt completely misses you.
Unknown command.
As you read the scroll labelled CUAPOI KIUCS, it crumbles to dust.
It is a scroll of enchant armour.
Your +0 cloak glows green for a moment.
Something barely misses you.
The orc warrior shoots a bolt.
The bolt hits you!!
You die...

#......'..#...)# +......#..#....#
#......#..#....# #......#..#....#
#......#..#....# ##+
#......#########
+###.(##########.........##
#.........o){....#.........#.
#..........#@....#.........#.
#..###..o.##.....#.........#.
....#..###..o{##.....#.........#.
....#.........########.........#.
....#.........##.....#.........##
....+..........'.....########....
....#..####...##...O.# #....
....#..####...# .....# #....
....#.........# .....# ###....


You could see an orc warrior.

Vanquished Creatures
  Grinder (D:3)
  Prince Ribbit (D:6)
  Sigmund (D:6)
  Menkaure (D:4)
  Edmund (D:6)
  Duvessa (D:6)
  2 water moccasins
  3 orc warriors
  A sky beast (D:6)
  2 ice beasts
  An ogre (D:5)
  A centaur (D:7)
  2 bullfrogs
  A scorpion (D:6)
  5 wights (D:5)
  Dowan (D:6)
  A howler monkey (D:5)
  2 jellies
  2 gnoll boudas
  4 orc priests
  2 hounds (D:6)
  Jessica (D:3)
  3 iguanas (D:5)
  3 orc wizards (D:7)
  13 gnolls
  6 adders
  A shadow imp (D:7)
  3 white imps (D:6)
  An ufetubus (D:7)
  2 worms
  25 orcs
  6 endoplasms
  3 giant cockroaches
  7 hobgoblins
  3 jackals (D:1)
  2 ball pythons
  4 bats
  A frilled lizard (D:1)
  5 goblins
  9 kobolds
  6 rats
140 creatures vanquished.

Notes
Turn   | Place    | Note
-------+----------+-------------------------------------------
     0 | D:1      | sanka the Djinni Brigand began the quest for the Orb.
     0 | D:1      | Reached XP level 1. HP: 18/18 MP: 0/0
   278 | D:1      | Reached XP level 2. HP: 24/24 MP: 0/0
   313 | D:1      | Reached XP level 3. HP: 11/30 MP: 0/0
   313 | D:1      | Learned a level 1 spell: Freeze
  1168 | D:2      | Reached skill level 1 in Spellcasting
  1293 | D:2      | Reached XP level 4. HP: 35/35 MP: 0/0
  1318 | D:2      | Found a sparkling altar of Nemelex Xobeh.
  2223 | D:3      | Found a shadowy altar of Dithmenos.
  2223 | D:3      | Found a glowing silver altar of Zin.
  2315 | D:3      | Noticed Jessica
  2321 | D:3      | Killed Jessica
  2322 | D:3      | Reached XP level 5. HP: 32/40 MP: 0/0
  2322 | D:3      | Learned a level 2 spell: Scorch
  2572 | D:3      | Found a basalt altar of Yredelemnul.
  2657 | D:3      | Noticed Grinder
  2676 | D:3      | Killed Grinder
  2677 | D:3      | Reached XP level 6. HP: 26/46 MP: 0/0
  3208 | D:4      | Found a sacrificial altar of Ru.
  3219 | D:4      | Reached XP level 7. HP: 47/50 MP: 0/0
  3219 | D:4      | Learned a level 3 spell: Ignite Poison
  3312 | D:4      | Found a stormy altar of Qazlal.
  3943 | D:5      | Entered Level 5 of the Dungeon
  3985 | D:5      | Reached skill level 5 in Spellcasting
  4104 | D:5      | Reached XP level 8. HP: 28/56 MP: 0/0
  4632 | D:5      | Identified the +1 rapier of Kaasemod {drain, *Noise rC+
                  | Int+2 Stlth+}
  4714 | D:5      | Noticed Menkaure
  4731 | D:4      | Killed Menkaure
  5217 | D:5      | Found a hazy altar of Hepliaklqana.
  5670 | D:6      | Reached XP level 9. HP: 52/61 MP: 0/0
  5670 | D:6      | Learned a level 3 spell: Portal Projectile
  5748 | D:6      | Noticed Prince Ribbit
  5756 | D:6      | Noticed Dowan
  5760 | D:6      | Killed Prince Ribbit
  5906 | D:6      | Noticed Sigmund
  5913 | D:6      | Killed Sigmund
  5914 | D:6      | Reached skill level 5 in Fighting
  6153 | D:6      | Noticed Duvessa
  6166 | D:6      | Killed Duvessa
  6178 | D:6      | Killed Dowan
  6453 | D:6      | Found a snail-covered altar of Cheibriados.
  6781 | D:6      | Found a bloodstained altar of Trog.
  6836 | D:6      | Noticed Edmund
  6849 | D:6      | Killed Edmund
  6965 | D:6      | Found a hide-covered altar of Uskayaw.
  7007 | D:6      | Identified the +2 pair of boots "Datoecuhu" {-Tele rPois
                  | rN+}
  7041 | D:6      | Found the +8 trident of the Octopus King {venom, rElec
                  | rPois}
  7679 | D:7      | Reached XP level 10. HP: 61/76 MP: 0/0
  8019 | D:7      | Found a staircase to the Ecumenical Temple.
  8040 | Temple   | Entered the Ecumenical Temple
  8153 | Temple   | Became a worshipper of Makhleb the Destroyer
  8668 | D:7      | HP: 2/76 [orc warrior/bolt (17)]
  8670 | D:7      | Shot with a bolt by an orc warrior

Illustrated notes

Levels and vault maps discovered:
D:1:      saegor_arrival_simple_a, layout_basic, chequers_serial_rivers_micro_a
D:2:      layout_basic, basic_altar, nrook_campfire
D:3:      layout_loops_corners, yredelemnul_altar_generic,
          grunt_temple_overflow_open, kennysheep_doodads, uniq_jessica,
          uniq_grinder
D:4:      layout_loops_ring, nicolae_ru_sacrificial_ziggurat,
          nicolae_qazlal_general_emergency, minmay_manual_moon
D:5:      layout_basic, worldfamousw_hep_ancestral_shrine, dk_noncrumbling_2,
          uniq_menkaure
D:6:      nicolae_BIG_FREAKIN_CUBE, layout_loops_cross, cheibrodos_worm_habitat,
          lemuel_round_altar, eat_drink_and_be_merry_uskayaw, serial_glass,
          glass_columns_a, glass_columns_c, kennysheep_potato, uniq_edmund,
          uniq_sigmund, uniq_prince_ribbit1, uniq_duvessa
D:7:      layout_gridville, minmay_temple_entry_overgrown, grunt_ministairs_9,
          corexii_hall_statues_x
Temple:   nicolae_temple_superstar

Skill      XL: |  1  2  3  4  5  6  7  8  9 10 |
---------------+-------------------------------+-----
Fighting       | 3 8 |  8.0
Spellcasting   | 1 2 4 5 7 8 |  8.0
Dodging        | 4 |  4.2
Short Blades   | |  1.7
Throwing       | |  1.5
Stealth        | |  3.2

Action                     |  1- 3 |  4- 6 |  7- 9 | 10-12 || total
---------------------------+-------+-------+-------+-------++-------
  Melee: Dagger            |    61 |    30 |     1 |       ||    92
         Punch             |     1 |       |       |       ||     1
         Rapier            |       |       |     1 |     2 ||     3
  Throw: Dart              |     2 |       |     3 |       ||     5
   Cast: Freeze            |    19 |    21 |    72 |    30 ||   142
         Scorch            |       |    15 |   118 |    18 ||   151
    Use: Potion            |       |       |     2 |     1 ||     3
         Scroll            |       |       |       |     1 ||     1
   Stab: Sleeping          |     6 |     5 |     1 |       ||    12
 Armour: Robe              |    13 |     8 |     4 |     7 ||    32
  Dodge: Dodged            |    49 |    27 |    80 |    55 ||   211
